 Dungeon Crawl Stone Soup version 0.25-a0-1133-g93ebf739aa (webtiles) character file.

Game seed: 2598489246200615658, levelgen mode: deterministic

910 Heefz the Spear-Bearer (level 8, -2/58 HPs)
             Began as a Merfolk Gladiator on May 22, 2020.
             Slain by Menkaure (20 damage)
             ... on level 6 of the Dungeon.
             The game lasted 00:20:56 (6447 turns).

Heefz the Spear-Bearer (Merfolk Gladiator)          Turns: 6447, Time: 00:20:57

Health: -2/58      AC:  7    Str: 17    XL:     8   Next: 8%
Magic:  8/8        EV: 15    Int:  7    God:
Gold:   182        SH:  5    Dex: 15    Spells: 7/7 levels left

rFire    . . .     SeeInvis .   a - +0 trident
rCold    . . .     Gourm    .   t - +0 buckler
rNeg     . . .     Faith    .   b - +0 leather armour
rPois    .         Spirit   .   c - +1 helmet
rElec    .         Reflect  .   x - +0 cloak
rCorr    +         Harm     .   m - +0 pair of gloves
MR       .....                  (no boots)
Stlth    +.........             (no amulet)
HPRegen  0.19/turn              g - ring of resist corrosion
MPRegen  0.11/turn              (no ring)

@: stab
A: change form in water, swift swim, stealthy swim
a: no special abilities


You were on level 6 of the Dungeon.
You were not hungry.

You visited 1 branch of the dungeon, and saw 6 of its levels.

You collected 302 gold pieces.
You spent 120 gold pieces at shops.

Inventory:

Hand Weapons
 a - a +0 trident (weapon)
 v - a +0 hand crossbow
 A - a +0 shortbow
Missiles
 d - 3 throwing nets (quivered)
 j - 34 poisoned darts
 s - 81 arrows
Armour
 b - a +0 leather armour (worn)
 c - a +1 helmet (worn)
 m - a +0 pair of gloves (worn)
 t - a +0 buckler (worn)
 x - a +0 cloak (worn)
Jewellery
 g - a ring of resist corrosion (left hand)
 u - a -4 ring of evasion
Wands
 p - a wand of acid (7)
Scrolls
 e - a scroll of blinking
 h - a scroll of enchant armour
 k - a scroll of magic mapping
 l - 3 scrolls of identify
 o - a scroll of fog {unknown}
 y - 2 scrolls of teleportation
 C - a scroll of holy word {unknown}
Potions
 i - a potion of lignification {unknown}
 n - 2 potions of degeneration
 q - a potion of stabbing
 r - 3 potions of curing {unknown}
 w - a potion of flight {unknown}
 z - a potion of magic {unknown}
Comestibles
 f - 5 rations
 B - 3 chunks of flesh


   Skills:
 - Level 3.0 Fighting
 + Level 10.5 Polearms
 - Level 2.0 Throwing
 + Level 6.1 Dodging
 + Level 3.8 Shields


You had 7 spell levels left.
You didn't know any spells.
Your spell library contained the following spells:

 Spells                   Type           Power        Failure   Level  Hunger
 Animate Skeleton         Necr           N/A          50%         1    ##.....
 Apportation              Tloc           #.....       50%         1    ##.....
 Corona                   Hex            #......      50%         1    ##.....
 Summon Small Mammal      Summ           #...         50%         1    ##.....


Dungeon Overview and Level Annotations

Branches:
Dungeon (6/15)
 Temple: D:4-7

Altars:
Wu Jian
Xom

Shops:
D:6 %

Annotations:
D:6 Menkaure


Message History

Attack whom?
Press: ? - help, Dir - move target cursor, f - Menkaure
Aim: Menkaure (translocational energy, fast)
You reach to attack!
You barely miss Menkaure. You hit Menkaure.
Menkaure is lightly damaged.
Menkaure hits you!!
You hit Menkaure.
Menkaure is moderately damaged.
Menkaure calls on the powers of darkness!
Your body is wracked with pain!
You feel ready to backstab. Menkaure hits you.
Attack whom?
Press: ? - help, Dir - move target cursor, f/p - Menkaure
Aim: Menkaure (moderately damaged, fast)
You hit Menkaure but do no damage.
Menkaure is moderately damaged.
Menkaure hits you!!
You die...

... ...# ...####### ........##
#.......#### #..........###
##### #.......##...####...#
#...?...####...##...######
##...._..M@.##......##...##
#........###5........#.....#
#..............#..#.##.......
#.#.......###.#...#..........
...........###..#######.......
_#.........#....#∩## ##.....#
...............#'# ##.....# #
#####.#........÷.## #.......
#. ##......##.....####.......


You could see Menkaure (fast) and a crimson imp.

Vanquished Creatures
  An ogre (D:4)
  A centaur (D:5)
  A bullfrog (D:5)
  A howler monkey (D:5)
  A crimson imp (D:5)
  2 orc wizards (D:4)
  An orc priest (D:4)
  A hound (D:6)
  2 iguanas
  7 worker ants
  A hound skeleton (D:4)
  8 adders
  3 gnolls (D:3)
  An ooze (D:3)
  An adder zombie (D:2)
  3 adder skeletons
  4 worms
  A dart slug (D:4)
  3 leopard geckos
  14 orcs
  A bat skeleton (D:2)
  A bat zombie (D:2)
  4 giant cockroaches
  6 goblins
  10 hobgoblins
  13 jackals
  A quokka (D:2)
  A ball python (D:1)
  14 bats
  6 frilled lizards
  A giant cockroach zombie (D:2)
  9 kobolds
  A leopard gecko zombie (D:2)
  12 rats
137 creatures vanquished.

Notes
Turn   | Place    | Note
-------+----------+-------------------------------------------
     0 | D:1      | Heefz the Merfolk Gladiator began the quest for the Orb.
     0 | D:1      | Reached XP level 1. HP: 16/16 MP: 1/1
   118 | D:1      | Reached skill level 5 in Polearms
   118 | D:1      | Reached XP level 2. HP: 15/22 MP: 2/2
   885 | D:2      | Reached XP level 3. HP: 22/27 MP: 3/3
  1031 | D:2      | Reached skill level 6 in Polearms
  1105 | D:2      | Reached XP level 4. HP: 32/33 MP: 4/4
  1273 | D:2      | Reached skill level 5 in Dodging
  1854 | D:3      | Reached skill level 7 in Polearms
  1854 | D:3      | Reached XP level 5. HP: 31/39 MP: 5/5
  2902 | D:3      | Reached skill level 8 in Polearms
  3031 | D:3      | Reached XP level 6. HP: 44/47 MP: 6/6
  3695 | D:4      | Reached skill level 1 in Shields
  4562 | D:4      | Reached skill level 9 in Polearms
  4651 | D:4      | Reached XP level 7. HP: 42/52 MP: 7/7
  5173 | D:5      | Entered Level 5 of the Dungeon
  5534 | D:5      | Reached skill level 10 in Polearms
  5900 | D:5      | Reached XP level 8. HP: 58/58 MP: 8/8
  6374 | D:6      | Found Susun's Food Shoppe.
  6377 | D:6      | Bought a ration for 60 gold pieces
  6377 | D:6      | Bought a ration for 60 gold pieces
  6424 | D:6      | Found a shimmering altar of Xom.
  6432 | D:6      | Noticed Menkaure
  6433 | D:6      | Found an ornate altar of the Wu Jian Council.
  6447 | D:6      | Slain by Menkaure

Illustrated notes

Levels and vault maps discovered:
D:1:      tarquinn_simple_flora_water_c, layout_loops_ring, minmay_heptomino_h4
D:2:      layout_loops_ring, first_ration, serial_undead, serial_undead_a,
          serial_undead_a, serial_undead_d, serial_undead_a
D:3:      minmay_skewed_foursquare, layout_basic
D:4:      layout_basic
D:5:      layout_basic
D:6:      layout_rooms, grunt_qazlal_clouds, overflow_temple_1_default,
          overflow_temple_1_default, minmay_temple_entry_nine_rooms,
          serial_shops, nicolae_shop_window_shopping, uniq_menkaure, uniq_maggie

Skill      XL: |  1  2  3  4  5  6  7 |
---------------+----------------------+-----
Polearms       | 5 6 7 8 9 10 | 10.5
Dodging        | 5 6 |  6.1
Fighting       | 3 |  3.0
Shields        | 2 3 |  3.8
Throwing       | |  2.0

Action                   |  1- 3 |  4- 6 |  7- 9 || total
-------------------------+-------+-------+-------++-------
Melee: Trident           |   113 |   373 |   127 ||   613
Evoke: Wand              |       |     1 |       ||     1
  Use: Potion            |     4 |     3 |     1 ||     8
       Scroll            |     1 |     7 |     2 ||    10
 Stab: Sleeping          |     2 |     4 |       ||     6
       Distracted        |       |     1 |       ||     1
  Eat: Chunk             |     1 |     5 |     1 ||     7
       Ration            |       |     2 |     2 ||     4
Armor: Leather armour    |    26 |    69 |    13 ||   108
Dodge: Dodged            |    75 |   196 |    43 ||   314
Block: Buckler           |       |    19 |    18 ||    37

Table legend:
 A = Non-vault XP
 B = Vault XP
 C = Vault XP percentage of total XP
 D = Non-vault monster count
 E = Vault monster count
 F = Vault count percentage of total count
                 A         B        C        D         E       F
            +---------+---------+-------+---------+---------+-------
      Total |    1226 |      75 |   5.8 |     124 |      13 |   9.5
            +---------+---------+-------+---------+---------+-------
        D:1 |      24 |       2 |   7.7 |      16 |       2 |  11.1
        D:2 |     103 |      22 |  17.6 |      31 |       7 |  18.4
        D:3 |     136 |      51 |  27.3 |      40 |       4 |   9.1
        D:4 |     477 |       0 |   0.0 |      17 |       0 |   0.0
        D:5 |     447 |       0 |   0.0 |      19 |       0 |   0.0
        D:6 |      39 |       0 |   0.0 |       1 |       0 |   0.0
            +---------+---------+-------+---------+---------+-------
